 Dungeon Crawl Stone Soup version 0.31-a0-1597-ge7908ec95f (webtiles) character file.

Game seed: 12517994190222862001

128392 James the Unseen (level 17, -5/183 HPs)
             Began as a Kobold Gladiator on Jan 7, 2024.
             Was a Follower of Uskayaw.
             Killed by static electricity
             ... invoked by Luunn's ghost
              (12 damage)
             ... on level 5 of the Lair of Beasts.
             The game lasted 02:30:53 (41310 turns).

James the Unseen (Kobold Gladiator)                Turns: 41310, Time: 02:30:53

Health: -5/183     AC: 20    Str: 13    XL:     17   Next: 58%
Magic:  24/24      EV: 26    Int: 14    God:    Uskayaw [*.....]
Gold:   2746       SH: 15    Dex: 21    Spells: 16/16 levels left

rFire   + . .        b - +4 scimitar (flame)
rCold   + . .        r - +3 kite shield {rC+}
rNeg    . . .        G - +2 ring mail {rF+}
rPois   .            J - +1 helmet
rElec   .            A - scarf {repulsion}
rCorr   .            E - +0 pair of gloves
SInv    .            M - +0 pair of boots of Quziemux {Int+3}
Will    +....        e - amulet of regeneration Stlth
                     Q - ring "Kakhloyg" {AC+4 Int+2}
HPRegen 1.30/turn    D - +5 ring of evasion
MPRegen 0.19/turn

%: repel missiles
@: mighty, berserking (expiring), studying Translocations, very quick
A: small, no large weapons, nightstalker 3, iridescent scales 1, robust 1, weak
1
a: Renounce Religion, Stomp


You were on level 5 of the Lair of Beasts.
You worshipped Uskayaw.
Uskayaw was aware of your devotion.
You visited 4 branches of the dungeon, and saw 23 of its levels.
You also visited: Gauntlet and Ice Cave.

You collected 4280 gold pieces.
You spent 1534 gold pieces at shops.

Inventory:

Hand Weapons
 a - a +4 rapier of freezing
   (You found it in an ice cave)
 b - a +4 scimitar of flaming (weapon)
   (You took it off Azrael on level 13 of the Dungeon)
 c - the +8 demon blade "Leech" {evervamp, Harm ^Drain rN+}
   (You found it on level 15 of the Dungeon)

   rN+:       It protects you from negative energy.
   ^Drain:    It drains your maximum health when unequipped.
   Harm:      It increases damage dealt and taken.
 f - a +4 sling of flaming
   (You found it on level 8 of the Dungeon)
 z - a +2 rapier of venom
 R - the +0 spear of Ecvi {venom, rN++}
   (You found it on level 9 of the Dungeon)

   rN++:      It greatly protects you from negative energy.
Missiles
 d - 5 throwing nets {!f}
 q - 40 poisoned darts (quivered)
 N - 31 boomerangs
Armour
 p - +1 gold dragon scales
   (You bought it in a shop on level 7 of the Dungeon)
 r - a +3 kite shield of cold resistance (worn)
   (You found it in an ice cave)
 A - a scarf of repulsion (worn)
   (You found it on level 14 of the Dungeon)
 E - a +0 pair of gloves (worn)
   (You found it on level 3 of the Dungeon)
 G - a +2 ring mail of fire resistance (worn)
   (You found it on level 12 of the Dungeon)
 J - a +1 helmet (worn)
   (You found it on level 3 of the Lair of Beasts)
 M - the +0 pair of boots of Quziemux (worn) {Int+3}
   (You found it in a Gauntlet)

   Int+3:     It affects your intelligence (+3).
Jewellery
 e - an amulet of regeneration (around neck)
   (You found it on level 13 of the Dungeon)
 o - a ring of protection from cold
   (You found it on level 14 of the Dungeon)
 v - a ring of resist corrosion
   (You found it on level 4 of the Dungeon)
 C - a +6 ring of strength
   (You found it on level 13 of the Dungeon)
 D - a +5 ring of evasion (right hand)
   (You found it on level 2 of the Dungeon)
 K - a ring of willpower
   (You found it on level 1 of the Dungeon)
 L - the ring "Yzonom" {Ice Dex+6}
   (You found it in an ice cave)

   [ring of ice]

   Ice:       It enhances your ice magic.
   Dex+6:     It affects your dexterity (+6).
   rF-:       It makes you vulnerable to fire.
   rC+:       It protects you from cold.
 Q - the ring "Kakhloyg" (left hand) {AC+4 Int+2}
   (You found it in a Gauntlet)

   [ring of protection]

   AC+4:      It affects your AC (+4).
   Int+2:     It affects your intelligence (+2).
 V - a ring of poison resistance
   (You found it on level 8 of the Dungeon)
Wands
 h - a wand of charming (9)
   (You found it on level 2 of the Lair of Beasts)
 w - a wand of light (5)
   (You found it on level 15 of the Dungeon)
 y - a wand of mindburst (18)
   (You found it on level 5 of the Dungeon)
 X - a wand of roots (32)
   (You found it on level 5 of the Dungeon)
 Z - a wand of polymorph (5)
   (You found it on level 6 of the Dungeon)
Scrolls
 g - 3 scrolls of fog
 F - 2 scrolls of summoning
 H - 4 scrolls of immolation {!r}
 I - 6 scrolls of teleportation {@r4}
 O - a scroll of silence
 P - 3 scrolls of blinking
 S - 8 scrolls of fear
 Y - a scroll of revelation
Potions
 i - 3 potions of mutation {!q}
 k - 4 potions of brilliance
 m - a potion of cancellation
 s - 7 potions of curing {@q1}
 u - 3 potions of haste {@q3}
 x - 2 potions of magic
 B - 7 potions of enlightenment
 T - a potion of ambrosia
 W - a potion of heal wounds {@q2}
Miscellaneous
 l - a phial of floods
   (You found it on level 14 of the Dungeon)
 t - a phantom mirror
   (You found it on level 14 of the Dungeon)
 U - a box of beasts
   (You found it on level 1 of the Lair of Beasts)


   Skills:
 - Level 14.0 Fighting
 - Level 14.0 Short Blades
 - Level 14.0 Ranged Weapons
 - Level 2.1 Throwing
 + Level 9.9 Armour
 - Level 13.0 Dodging
 - Level 16.0 Stealth
 - Level 9.0 Shields
 - Level 10.0 Invocations


You had 16 spell levels left.
You didn't know any spells.
Your spell library contained the following spells:

 Spells                   Type           Power      Damage    Failure   Level
 Apportation              Tloc           0%         N/A       80%         1
 Magic Dart               Conj           0%         1d3       80%         1
 Sandblast                Erth           0%         2d4       80%         1
 Blink                    Tloc           0%         N/A       91%         2
 Call Imp                 Summ           0%         N/A       91%         2
 Ensorcelled Hibernation  Hex/Ice        0%         N/A       91%         2
 Jinxbite                 Hex            0%         N/A       91%         2
 Frozen Ramparts          Ice            0%         1d1       99%         3
 Hailstorm                Conj/Ice       0%         3d5       99%         3
 Passwall                 Erth           0%         N/A       99%         3
 Stone Arrow              Conj/Erth      0%         3d7       99%         3
 Summon Ice Beast         Ice/Summ       0%         N/A       99%         3
 Swiftness                Air            0%         N/A       99%         3
 Animate Armour           Summ/Erth      0%         N/A       100%        4
 Brom's Barrelling Bould  Conj/Erth      0%         2d3       100%        4
 Cause Fear               Hex            0%         N/A       100%        4
 Leda's Liquefaction      Alch/Erth      0%         N/A       100%        4
 Manifold Assault         Tloc           0%         N/A       100%        4
 Petrify                  Alch/Erth      0%         N/A       100%        4
 Summon Blazeheart Golem  Fire/Summ      0%         N/A       100%        4
 Alistair's Intoxication  Alch           0%         N/A       100%        5
 Fireball                 Conj/Fire      0%         3d3       100%        5
 Freezing Cloud           Conj/Ice/Air   0%         6-21      100%        5
 Metabolic Englaciation   Hex/Ice        0%         N/A       100%        5
 Summon Forest            Summ/Tloc      0%         N/A       100%        5
 Summon Mana Viper        Hex/Summ       0%         N/A       100%        5
 Dispersal                Tloc           0%         N/A       100%        6
 Eringya's Noxious Bog    Alch           0%         4d6       100%        6
 Monstrous Menagerie      Summ           0%         N/A       100%        7
 Orb of Destruction       Conj           0%         9d5       100%        7
 Spellforged Servitor     Conj/Summ      0%         N/A       100%        7
 Summon Hydra             Summ           0%         N/A       100%        7
 Disjunction              Tloc           0%         N/A       100%        8
 Lehudib's Crystal Spear  Conj/Erth      0%         10d2      100%        8
 Dragon's Call            Summ           0%         N/A       100%        9


Dungeon Overview and Level Annotations

Branches:
Dungeon (15/15)            Temple (1/1) D:7            Lair (5/5) D:11
 Shoals (0/4) Lair:3        Snake (0/4) Lair:3        Slime (0/5) Lair:4
    Orc (2/2) D:9             Elf (0/3) Orc:2        Vaults (0/5) D:13
 Depths (0/4) D:15          IceCv (visited)         Gauntlet (visited)

Altars:
Ashenzari
Cheibriados
Dithmenos
Elyvilon
Fedhas
Gozag
Hepliaklqana
Kikubaaqudgha
Makhleb
Nemelex Xobeh
Okawaru
Qazlal
Ru
Sif Muna
Trog
Uskayaw
Vehumet
Wu Jian
Xom
Yredelemnul
Zin
The Shining One

Shops:
D:5 :(   D:7 [   D:12 *   Orc:1 (   Orc:2 ?*==

Portals:
Abyss: D:11

Annotations:
Lair:5 Hung's ghost, journeyman DjAE; Luunn's ghost, journeyman TeAE


Innate Abilities, Weirdness & Mutations

You are small and have problems with some larger weapons.
You are completely attuned to the shadows.
You are partially covered in iridescent scales. (AC +2)
You are robust. (+10% HP)
You are weak. (Str -2)


Message History

* * * LOW HITPOINT WARNING * * *
You hit Luunn's ghost but do no damage. You closely miss Luunn's ghost.
Luunn's ghost hits you but does no damage.
You miss Luunn's ghost. You block Luunn's ghost's attack.
You closely miss Luunn's ghost.
Luunn's ghost casts a spell.
You are struck by an arc of lightning.
Luunn's ghost is struck by an arc of lightning.
Hung's ghost is struck by an arc of lightning!
Hung's ghost resists.
The rat is struck by an arc of lightning!
The rat dies!
The rat's corpse disappears in a puff of smoke!
Something is struck by an arc of lightning!
The lightning grounds out.
The bat is struck by an arc of lightning!!
The bat dies!
The bat's corpse disappears in a puff of smoke!
Hung's ghost is struck by an arc of lightning.
Hung's ghost completely resists.
Luunn's ghost is struck by an arc of lightning.
Hung's ghost is struck by an arc of lightning.
Hung's ghost completely resists.
Luunn's ghost is struck by an arc of lightning.
Luunn's ghost completely resists.
You are struck by an arc of lightning.
* * * LOW HITPOINT WARNING * * *
Luunn's ghost is struck by an arc of lightning.
Luunn's ghost resists.
You are struck by an arc of lightning!
* * * LOW HITPOINT WARNING * * *
Luunn's ghost is struck by an arc of lightning.
Hung's ghost is struck by an arc of lightning.
Hung's ghost is struck by an arc of lightning!!
Hung's ghost resists.
Luunn's ghost is struck by an arc of lightning.
You are struck by an arc of lightning.
* * * LOW HITPOINT WARNING * * *
Luunn's ghost is struck by an arc of lightning.
Hung's ghost is struck by an arc of lightning!!
Hung's ghost resists.
Luunn's ghost is struck by an arc of lightning.
Hung's ghost is struck by an arc of lightning!
Hung's ghost resists.
Luunn's ghost is struck by an arc of lightning.
You hit Luunn's ghost but do no damage.
Luunn's ghost casts a spell.
You are struck by an arc of lightning.
Luunn's ghost is struck by an arc of lightning.
You are struck by an arc of lightning!
You die...

#.#.......#####
##........#...
.##...P##.#
##...........
##P..###.##
#........... ##.##
### #..#........
#### ####........
#..######
#.........
#...#.#.##
######......#..
##......#.#
####.#..##....###.
#.........##
#@#..#......####..
##.!........##
##W.§......## #..
.............##
#§.........# ##.
..............#
####'''##### ##
#.............#
♣.......♣ #.
..............#
#⌠.......⌠# ###
#.............#
#♣.......♣# ##.⌠
#.............#
[.......| #...
##...........#####
###⌠.<


You could see Luunn's ghost (swift).

Vanquished Creatures
  Gastronok (Lair:3)
  An azure jelly (IceCv)
  An orc warlord (Orc:2)
  A quicksilver ooze (IceCv)
  A deep elf annihilator (D:13)
  Azrael (D:13)
  A minotaur (Gauntlet)
  A fire dragon (D:14)
  2 ettins
  Josephine (D:13)
  Harold (Orc:1)
  7 hydras
  9 centaur warriors
  4 ogre magi (Orc:2)
  17 two-headed ogres
  A death knight (D:13)
  3 catoblepae
  The ghost of Conn the Destroyer, a journeyman OpFE of Sif Muna (D:11)
  8 boulder beetles
  4 tengu warriors
  The ghost of Nuqu the Nimble, a journeyman DjFE of Qazlal (Lair:1)
  A hell hog (D:11)
  12 death yaks
  Urug (D:13)
  2 deep elf knights
  Nergalle (Lair:3)
  A fire crab (shapeshifter) (D:14)
  2 skysharks
  6 skeletal warriors
  2 deep trolls
  An obsidian statue (Gauntlet)
  An orange crystal statue (Gauntlet)
  A necromancer (D:13)
  An orc knight (D:15)
  2 oklob plants
  A lindwurm (Lair:5)
  21 ugly things
  2 deep elf pyromancers (D:14)
  4 orc sorcerers
  A wolf spider (D:13)
  9 manticores
  7 elephants
  A meliai (D:14)
  2 toenail golems (D:11)
  2 kobold blastminers (Orc:2)
  12 cyclopes
  2 ice statues (IceCv)
  4 black mambas
  A torpor snail (Lair:2)
  3 rime drakes
  12 cane toads
  2 unseen horrors
  4 gargoyles
  6 efreet
  Psyche (D:9)
  7 komodo dragons
  3 tengu conjurers
  8 trolls
  6 hornets
  6 polar bears
  10 blink frogs
  5 dream sheep
  A jumping spider (shapeshifter) (D:13)
  2 shadows
  A vampire (D:14)
  12 spriggans
  A water elemental (D:14)
  2 centaur simulacra (D:14)
  10 slime creatures
  A culicivora (shapeshifter) (D:13)
  2 wyverns
  4 basilisks
  10 wraiths
  20 yaks
  3 fire elementals (D:13)
  3 wargs
  4 steam dragons
  A hog (shapeshifter) (D:14)
  9 vampire mosquitoes
  A redback simulacrum (D:14)
  3 great orb of eyes simulacra (IceCv)
  A small abomination (D:11)
  6 acid dragons
  A hell hound (D:13)
  17 water moccasins
  4 ice beasts
  5 black bears
  14 orc warriors
  2 sky beasts
  6 laughing skulls
  4 boggarts (Lair:5)
  21 ogres
  25 wolves
  10 centaurs
  2 slime creature simulacra (IceCv)
  A phantom (D:6)
  A kobold brigand (D:8)
  17 bullfrogs
  A gnoll sergeant (D:11)
  6 glowing shapeshifter simulacra (IceCv)
  2 scorpions
  6 wights
  10 killer bees (D:9)
  3 electric eels
  11 howler monkeys
  A bombardier beetle (D:6)
  4 jellies
  14 orc priests
  2 hounds (D:5)
  2 gnoll boudas
  5 sleepcaps
  3 iguanas
  17 orc wizards
  5 shapeshifter simulacra (IceCv)
  The ghost of paps the Sneak, a weakling OpDe (D:6)
  The ghost of paps the Sneak, a weakling OpDe (D:6)
  A boggart simulacrum (D:14)
  Robin (D:3)
  5 gnolls (D:5)
  12 adders
  14 white imps
  2 ufetubi
  A dart slug (D:2)
  2 ribbon worms (D:2)
  54 orcs
  4 ball pythons
  4 bats
  7 endoplasms
  3 giant cockroaches
  13 goblins
  7 hobgoblins
  3 jackals (D:4)
  16 kobolds
  A quokka (D:4)
  2 frilled lizards
  6 rats
  A butterfly (Lair:4)
723 creatures vanquished.

Vanquished Creatures (collateral kills)
  An azure jelly (IceCv)
1 creature vanquished.

Vanquished Creatures (others)
  A manticore (D:14)
  A laughing skull (D:14)
  An orc wizard (Orc:2)
3 creatures vanquished.

Grand Total: 727 creatures vanquished

Notes
Turn   | Place    | Note
-------+----------+-------------------------------------------
     0 | D:1      | James the Kobold Gladiator began the quest for the Orb.
     0 | D:1      | Reached XP level 1. HP: 12/12 MP: 1/1
   264 | D:1      | Reached XP level 2. HP: 18/18 MP: 2/2
   272 | D:1      | Reached skill level 1 in Stealth
   693 | D:2      | Reached XP level 3. HP: 22/22 MP: 3/3
   995 | D:2      | Reached XP level 4. HP: 27/27 MP: 4/4
  1001 | D:2      | Reached skill level 5 in Short Blades
  1001 | D:2      | Reached skill level 2 in Stealth
  1798 | D:3      | Found a faded altar of an unknown god.
  2306 | D:3      | Noticed Robin
  2319 | D:3      | Killed Robin
  2329 | D:3      | Reached XP level 5. HP: 32/32 MP: 5/5
  2450 | D:3      | Noticed a bullfrog
  2455 | D:3      | Killed a bullfrog
  2829 | D:4      | Reached skill level 3 in Stealth
  2842 | D:4      | Reached XP level 6. HP: 37/37 MP: 6/6
  2884 | D:4      | Reached skill level 1 in Armour
  3298 | D:4      | Found a stormy altar of Qazlal.
  3385 | D:4      | Found a blossoming altar of Fedhas.
  3387 | D:4      | Found a burning altar of Makhleb.
  4242 | D:5      | Entered Level 5 of the Dungeon
  4364 | D:5      | Reached skill level 5 in Dodging
  4386 | D:5      | Reached XP level 7. HP: 42/42 MP: 7/7
  4412 | D:5      | Reached skill level 4 in Stealth
  4463 | D:5      | Found Omicremm's Antique Weapon Boutique.
  4917 | D:5      | Found Huhehef's Tremendous Tomes.
  4993 | D:5      | Found a sparkling altar of Nemelex Xobeh.
  5102 | D:5      | Reached skill level 5 in Stealth
  5118 | D:5      | Reached XP level 8. HP: 30/48 MP: 8/8
  5830 | D:6      | Reached skill level 6 in Stealth
  5871 | D:6      | Reached XP level 9. HP: 30/53 MP: 9/9
  5876 | D:6      | Reached skill level 5 in Fighting
  6431 | D:6      | Found a runed translucent gate.
  6432 | D:6      | Found a runed translucent gate.
  6433 | D:6      | Found a runed translucent gate.
  6556 | D:6      | Noticed paps's ghost (weakling OpDe)
  6556 | D:6      | Noticed paps's ghost (weakling OpDe)
  6608 | D:7      | Found a staircase to the Ecumenical Temple.
  6614 | Temple   | Entered the Ecumenical Temple
  6684 | Temple   | Became a worshipper of Uskayaw the Reveller
  6866 | D:7      | Reached * piety under Uskayaw
  6914 | D:7      | Reached skill level 10 in Short Blades
  6915 | D:7      | Reached ** piety under Uskayaw
  7054 | D:7      | Reached skill level 7 in Stealth
  7065 | D:7      | Reached *** piety under Uskayaw
  7334 | D:7      | Found Turambar's Dragon-Slaying Spoils.
  7709 | D:8      | Reached skill level 1 in Ranged Weapons
  8166 | D:8      | Reached skill level 5 in Ranged Weapons
  8322 | D:8      | Reached XP level 10. HP: 54/60 MP: 10/10
  9194 | D:9      | Noticed Psyche
  9202 | D:9      | Killed Psyche
  9332 | D:9      | Reached skill level 10 in Ranged Weapons
  9347 | D:9      | Reached **** piety under Uskayaw
  9840 | D:9      | Identified the +0 spear of Ecvi {venom, rN++}
 10083 | D:9      | Reached skill level 8 in Stealth
 10170 | D:9      | Found a staircase to the Orcish Mines.
 10315 | D:10     | Entered Level 10 of the Dungeon
 10664 | D:10     | Killed an unseen horror
 10665 | D:10     | Reached XP level 11. HP: 45/65 MP: 11/11
 11302 | D:10     | Found an ancient bone altar of Kikubaaqudgha.
 11516 | D:11     | Found a staircase to the Lair.
 11734 | D:11     | Found a transporter.
 11860 | D:11     | Noticed a two-headed ogre
 11931 | D:11     | Noticed a manticore
 11946 | D:11     | Killed a manticore
 12170 | D:11     | Reached skill level 9 in Stealth
 12284 | D:11     | Killed a two-headed ogre
 12356 | D:11     | Found a transporter.
 12370 | D:11     | Noticed a hell hog
 12386 | D:11     | Noticed a toenail golem
 12630 | D:11     | Noticed a toenail golem
 12686 | Lair:1   | Entered Level 1 of the Lair of Beasts
 12707 | Lair:1   | Found a runed translucent gate.
 12708 | Lair:1   | Found a runed translucent gate.
 12709 | Lair:1   | Found a runed translucent gate.
 12836 | Lair:1   | Reached skill level 10 in Stealth
 12836 | Lair:1   | Reached skill level 1 in Invocations
 13224 | Lair:1   | Reached ***** piety under Uskayaw
 13330 | Lair:1   | Reached skill level 5 in Invocations
 13333 | Lair:1   | Reached XP level 12. HP: 68/72 MP: 15/15
 13789 | Lair:1   | Noticed a seven-headed hydra
 13953 | Lair:1   | Noticed Nuqu's ghost (journeyman DjFE)
 14290 | Lair:2   | Reached ****** piety under Uskayaw
 14404 | Lair:2   | Noticed a catoblepas
 14423 | Lair:2   | Killed a catoblepas
 15453 | Lair:2   | Noticed a boulder beetle
 15496 | Lair:2   | Killed a boulder beetle
 15497 | Lair:2   | Reached skill level 11 in Stealth
 15741 | Lair:3   | Noticed Gastronok
 15752 | Lair:3   | Killed Gastronok
 15753 | Lair:3   | Reached skill level 10 in Dodging
 15753 | Lair:3   | Reached XP level 13. HP: 46/78 MP: 19/19
 16094 | Lair:3   | Reached skill level 10 in Invocations
 16095 | Lair:3   | Reached skill level 12 in Stealth
 16142 | Lair:3   | Noticed Nergalle
 16151 | Lair:3   | Killed Nergalle
 16917 | Lair:3   | Noticed a catoblepas
 16938 | Lair:3   | Killed a catoblepas
 17213 | Lair:3   | Found a staircase to the Snake Pit.
 17927 | Lair:3   | Found a staircase to the Shoals.
 18058 | Lair:4   | Identified the +7 sling of Doom {antimagic, rF- rN+ rCorr}
 18102 | Lair:4   | Found a frozen archway.
 18197 | IceCv    | Entered an ice cave
 18308 | IceCv    | Noticed a quicksilver ooze
 18312 | IceCv    | Killed a quicksilver ooze
 18404 | IceCv    | Reached skill level 1 in Shields
 18959 | IceCv    | Found a viscous altar of Jiyva.
 18959 | IceCv    | Noticed an azure jelly
 18962 | IceCv    | Noticed an azure jelly
 18963 | IceCv    | Killed an azure jelly
 18970 | IceCv    | Killed an azure jelly
 19063 | IceCv    | Got the Elucidation of the Chill
 19068 | IceCv    | Got the ring "Yzonom" {Ice Dex+6}
 19186 | Lair:4   | Found a staircase to the Slime Pits.
 20171 | Lair:4   | Reached XP level 14. HP: 21/84 MP: 21/21
 20630 | Lair:5   | Entered Level 5 of the Lair of Beasts
 20661 | Lair:5   | Reached skill level 5 in Shields
 21007 | D:7      | Bought +1 gold dragon scales for 1305 gold pieces
 21623 | Lair:3   | Found a staircase to the Snake Pit.
 22127 | Lair:3   | Found a staircase to the Shoals.
 22452 | Lair:5   | Reached skill level 5 in Armour
 22717 | D:6      | Killed paps's ghost
 22728 | D:6      | Killed paps's ghost
 22936 | D:11     | Noticed Conn's ghost (journeyman OpFE)
 24045 | Lair:5   | HP: 2/86 [wolf (5)]
 24076 | Lair:5   | HP: 2/86 [spriggan/+0 rapier (10)]
 25195 | Lair:1   | Reached skill level 10 in Fighting
 25477 | Lair:1   | Killed Nuqu's ghost
 25597 | D:12     | Found Pisac's Assorted Antiques.
 26207 | D:12     | Found a broken altar of Ashenzari.
 26774 | Orc:1    | Entered Level 1 of the Orcish Mines
 26925 | D:9      | Reached XP level 15. HP: 62/92 MP: 22/22
 27184 | Orc:1    | Noticed Harold
 27187 | Orc:1    | Killed Harold
 27218 | Orc:1    | Found Buaruz's Weapon Boutique.
 27315 | Orc:2    | Entered Level 2 of the Orcish Mines
 27323 | Orc:2    | Found a gate leading to a gauntlet.
 27363 | Gauntlet | Entered a Gauntlet
 27363 | Gauntlet | Found a transporter.
 27363 | Gauntlet | Found a transporter.
 27397 | Gauntlet | Found a transporter.
 27405 | Gauntlet | Found a transporter.
 27429 | Gauntlet | Found a transporter.
 27436 | Gauntlet | Found a transporter.
 27526 | Gauntlet | Found a transporter.
 27534 | Gauntlet | Found a transporter.
 27555 | Gauntlet | Found a transporter.
 27563 | Gauntlet | Found a transporter.
 27651 | Gauntlet | Found a transporter.
 27664 | Gauntlet | Found a transporter.
 27685 | Gauntlet | Found a transporter.
 27698 | Gauntlet | Found a transporter.
 27698 | Gauntlet | Found a transporter.
 27728 | Gauntlet | Found a transporter.
 28174 | Gauntlet | Identified the +0 pair of boots of Quziemux {Int+3}
 28449 | Gauntlet | Identified the ring "Kakhloyg" {AC+4 Int+2}
 28499 | Gauntlet | Gained mutation: You are dopey. (Int -2) [a shining eye]
 28503 | Gauntlet | Gained mutation: You do not regenerate when monsters are
                  | visible. [a shining eye]
 28723 | Gauntlet | Identified the +1 great sword of Ryukhent {antimagic, rPois
                  | Dex+8}
 28734 | Gauntlet | Lost mutation: You do not regenerate when monsters are
                  | visible. [potion of mutation]
 28734 | Gauntlet | Lost mutation: You are dopey. (Int -2) [potion of mutation]
 28734 | Gauntlet | Gained mutation: You are partially covered in iridescent
                  | scales. (AC +2) [potion of mutation]
 28734 | Gauntlet | Gained mutation: You are robust. (+10% HP) [potion of
                  | mutation]
 28734 | Gauntlet | Gained mutation: You are weak. (Str -2) [potion of
                  | mutation]
 29619 | Orc:1    | Noticed an orc warlord
 29791 | Orc:2    | Found Ysalola's Jewellery Shoppe.
 29791 | Orc:2    | Found Wuderche's Jewellery Boutique.
 30455 | Orc:2    | Paralysed by an orc sorcerer for 5 turns
 30906 | Orc:2    | Found Utoq Mue's Assorted Antiques.
 30906 | Orc:2    | Found Zaritol's Magic Scroll Shop.
 31062 | Orc:2    | Found a staircase to the Elven Halls.
 31387 | Orc:2    | Found Ysalola's Jewellery Shoppe.
 31387 | Orc:2    | Found Wuderche's Jewellery Boutique.
 31409 | Orc:2    | Found Utoq Mue's Assorted Antiques.
 31410 | Orc:2    | Found Zaritol's Magic Scroll Shop.
 31461 | Orc:2    | Found a staircase to the Elven Halls.
 31647 | Orc:2    | Killed an orc warlord
 32189 | Orc:2    | Bought a scroll labelled JYACI UDUI for 35 gold pieces
 32735 | Lair:5   | Found a runed translucent gate.
 32737 | Lair:5   | Found a runed translucent gate.
 32739 | Lair:5   | Found a runed translucent gate.
 33278 | Lair:5   | Identified the +1 flail of Wu Jian, Transmuting {venom,
                  | rElec rCorr Int-3}
 33378 | Lair:5   | Reached XP level 16. HP: 113/113 MP: 23/23
 33670 | Lair:5   | Noticed Hung's ghost (journeyman DjAE)
 33670 | Lair:5   | Noticed Luunn's ghost (journeyman TeAE)
 35117 | D:13     | Noticed Josephine
 35140 | D:13     | Killed Josephine
 35641 | D:13     | Noticed Urug
 35674 | D:13     | Killed Urug
 35854 | D:13     | Found a gate to the Vaults.
 36034 | D:13     | Noticed Azrael
 36037 | D:13     | Killed Azrael
 36455 | D:14     | Found a white marble altar of Elyvilon.
 36455 | D:14     | Found a glowing silver altar of Zin.
 36456 | D:14     | Found a glowing golden altar of the Shining One.
 37051 | D:14     | Reached skill level 13 in Stealth
 37565 | D:14     | Reached skill level 14 in Stealth
 37717 | D:14     | Reached XP level 17. HP: 112/122 MP: 24/24
 37939 | Orc:2    | Bought a scroll of enchant armour for 97 gold pieces
 37943 | Orc:2    | Bought a scroll of enchant weapon for 97 gold pieces
 38616 | D:14     | Reached skill level 15 in Stealth
 39230 | D:14     | Found a white marble altar of Elyvilon.
 39231 | D:14     | Found a glowing golden altar of the Shining One.
 39232 | D:14     | Found a glowing silver altar of Zin.
 39879 | D:15     | Entered Level 15 of the Dungeon
 40404 | D:15     | Reached skill level 16 in Stealth
 40406 | D:15     | Found a staircase to the Depths.
 40573 | D:15     | Found the +8 demon blade "Leech" {evervamp, Harm ^Drain
                  | rN+}
 40989 | D:11     | Found a one-way gate to the infinite horrors of the Abyss.
 41010 | D:11     | Killed Conn's ghost
 41309 | Lair:5   | HP: 6/183 [Luunn's ghost/static electricity (6)]
 41310 | Lair:5   | Killed from afar by Luunn's ghost

Illustrated notes

Levels and vault maps discovered:
D:1:      dpeg_arrival_tiny_k, layout_basic
D:2:      layout_loops_ring, minmay_misc_feat_five
D:3:      minmay_spotlight, layout_loops_ring, ebering_ecumenical_altar_box,
          nicolae_underground_beach, uniq_robin
D:4:      layout_loops_corners, mainiacjoe_overflow_brackets,
          nicolae_overflow_squiral
D:5:      layout_basic, kennysheep_mini_moat, serial_shops, shop,
          nicolae_shop_i_like_big_books, small_statue_intersection
D:6:      layout_cave_pools, gammafunk_ghost_cemetery, kennysheep_minor_cross,
          minmay_alternating_orb
D:7:      layout_gridville, minmay_temple_entry_butterflies,
          nicolae_shop_dragon_depot
D:8:      layout_loops_ring, grunt_decor_clamped, minmay_door_square,
          minivault_22, minmay_misc_feat_tower
D:9:      layout_long_grid, minmay_orc_entry_guard_dogs, evilmike_butchery,
          uniq_psyche
D:10:     layout_basic, lemuel_crystal_altar
D:11:     wander_river, layout_long_grid, gammafunk_ghost_abyssal_escape
D:12:     layout_rooms, serial_shops, shop, minmay_gold_behind_fungi,
          cheibrodos_ashenzari_chains
D:13:     minmay_mutant_horseshoe, layout_loops_ring,
          hellmonk_vaults_attempted_burglary, uniq_azrael, uniq_urug,
          uniq_josephine
D:14:     minmay_the_grid_square_5x5_5x5_mashed
          [minmay_the_grid_square_5x5_half_checkered,
          minmay_the_grid_square_5x5_longway,
          minmay_the_grid_square_5x5_bracketed,
          minmay_the_grid_square_5x5_empty, minmay_the_grid_square_5x5_seven,
          minmay_the_grid_square_5x5_two_walls_b,
          minmay_the_grid_square_5x5_prize_snowflake,
          minmay_the_grid_square_5x5_eight_small,
          minmay_the_grid_square_5x5_prize_open,
          minmay_the_grid_square_5x5_spiral_small,
          minmay_the_grid_square_5x5_empty, minmay_the_grid_square_5x5_inner_v,
          minmay_the_grid_square_5x5_prize_itemx,
          minmay_the_grid_square_5x5_meh, minmay_the_grid_square_5x5_gyroscope,
          minmay_the_grid_square_5x5_minivault,
          minmay_the_grid_square_5x5_prize_gold,
          minmay_the_grid_square_5x5_eight,
          minmay_the_grid_square_5x5_prize_deathbox,
          minmay_the_grid_square_5x5_dogpile,
          minmay_the_grid_square_5x5_intrusive_squares,
          minmay_the_grid_square_5x5_two,
          minmay_the_grid_square_5x5_pentomino_r,
          minmay_the_grid_square_5x5_slash, minmay_the_grid_square_5x5_minibox],
          layout_long_grid, serial_ice, serial_ice_e, serial_ice_i,
          serial_ice_f, serial_ice_a, serial_ice_g, good_gods_mini_temple
D:15:     hangedman_depths_entry_civil_slaughter, layout_long_grid,
          small_statue_alley_a, dreamdust_deal_with_the_devil, lightli_minifort
Temple:   minmay_crystal_spiral_temple
Lair:1:   layout_roguey, gammafunk_ghost_split
Lair:2:   layout_cave_pods, grunt_megastairs_5
Lair:3:   layout_concentric_octagons, elwin_shoals_entry_rocks,
          dummy_snake_entry, minmay_lair_oklob_bushes, uniq_nergalle,
          uniq_gastronok
Lair:4:   layout_cave_pods, slime_entry_1, portal_ice_cave_entry_imps,
          serial_bayou_shore_a, lemuel_fruit_fields
Lair:5:   minmay_lair_end_enchanted_forest, layout_cave_pods,
          gammafunk_ghost_cemetery, lemuel_fruit_tree, grunt_megastairs_3
Orc:1:    layout_caves, serial_shops, nicolae_shop_gibbet_a_chance, uniq_harold
Orc:2:    st_orc_ogre_mass, layout_caves, gauntlet_entry_generic,
          david_defended_altar_orc

Skill      XL: |  1  2  3  4  5  6  7  8  9 10 11 12 13 14 15 16 17 |
---------------+----------------------------------------------------+-----
Stealth        | 1 2 3 5 6 7 8 10 11 12 14 16 | 16.0
Dodging        | 4 5 6 7 8 9 10 11 13 | 13.0
Short Blades   | 5 6 7 9 10 11 12 13 14 | 14.0
Fighting       | 3 4 5 6 7 8 10 12 14 | 14.0
Armour         | 1 2 3 4 6 8 9 |  9.9
Ranged Weapons | 5 10 12 13 14 | 14.0
Invocations    | 5 9 10 | 10.0
Shields        | 4 6 8 9 |  9.0
Throwing       | |  2.1

Action                     |  1- 3 |  4- 6 |  7- 9 | 10-12 | 13-15 | 16-18 || total
---------------------------+-------+-------+-------+-------+-------+-------++-------
  Melee: Rapier            |    84 |    97 |    45 |   367 |  1702 |   883 ||  3178
         Punch             |     3 |     4 |     6 |    14 |     3 |       ||    30
         Dagger            |       |   118 |   341 |   290 |       |       ||   749
         Unarmed           |       |       |       |     4 |       |       ||     4
         Scimitar          |       |       |       |       |    43 |   130 ||   173
   Fire: Sling             |       |    37 |    19 |   142 |   109 |       ||   307
  Throw: Dart              |       |     1 |     1 |       |       |       ||     2
 Invoke: Stomp             |       |       |       |     2 |       |       ||     2
         Line Pass         |       |       |       |     1 |     2 |       ||     3
         Grand Finale      |       |       |       |       |     2 |     3 ||     5
  Evoke: Wand              |       |       |       |     1 |     4 |       ||     5
         Box of beasts     |       |       |       |       |     1 |     1 ||     2
    Use: Scroll            |       |    15 |     3 |     7 |    13 |     8 ||    46
         Potion            |       |       |     2 |     1 |     5 |     4 ||    12
   Stab: Sleeping          |     7 |     7 |    13 |    10 |    32 |    24 ||    93
         Paralysed         |       |       |     1 |    26 |    59 |    47 ||   133
         Distracted        |       |       |     1 |       |     6 |    11 ||    18
         Invisible         |       |       |       |       |     3 |       ||     3
         Petrified         |       |       |       |       |       |     3 ||     3
 Armour: Leather armour    |    22 |     6 |       |       |       |       ||    28
         Ring mail         |       |    46 |    77 |       |   202 |   362 ||   687
         Steam dragon scal |       |       |     8 |   149 |   173 |       ||   330
         Gold dragon scale |       |       |       |       |   188 |       ||   188
         Acid dragon scale |       |       |       |       |     7 |       ||     7
  Dodge: Dodged            |    51 |   128 |   229 |   490 |   818 |   510 ||  2226
         Repelled          |       |       |       |       |       |     2 ||     2
  Block: Kite shield       |       |       |       |       |   615 |   521 ||  1136

Table legend: (Time is in decaauts)
 A = Elapsed time spent in this place.
 B = Non-inter-level travel time spent in this place.
 C = Inter-level travel time spent in this place.
 D = Time resting spent in this place.
 E = Time spent auto-exploring this place.
 F = Levels seen in this place.
 G = Mean time per level.
                   A        B        C        D        E       F      G
               +--------+--------+--------+--------+--------+-----+--------+
         Total |  39962 |  35946 |   4016 |   6179 |  18974 |  25 | 1598.5 |
       Dungeon |  20669 |  18011 |   2658 |   2283 |   9470 |  15 | 1377.9 |
        Temple |    140 |      2 |    138 |      0 |      0 |   1 |  140.0 |
          Lair |  13185 |  12109 |   1076 |   2293 |   7337 |   5 | 2637.0 |
  Orcish Mines |   3447 |   3304 |    143 |    630 |   1608 |   2 | 1723.5 |
      Ice Cave |    919 |    919 |      0 |    519 |      6 |   1 |  919.0 |
      Gauntlet |   1600 |   1600 |      0 |    454 |    553 |   1 | 1600.0 |
               +--------+--------+--------+--------+--------+-----+--------+

Top non-repeatable levels by time:
  Lair:5: 3525 daAuts
  Lair:3: 3312 daAuts
    D:14: 2600 daAuts
  Lair:4: 2376 daAuts
   Orc:2: 2296 daAuts
     D:9: 2199 daAuts
  Lair:1: 2052 daAuts
    D:11: 1996 daAuts
  Lair:2: 1918 daAuts
    D:13: 1816 daAuts
Gauntlet: 1600 daAuts
     D:8: 1491 daAuts
     D:4: 1440 daAuts
     D:5: 1154 daAuts
   Orc:1: 1150 daAuts
